TOP OF THE 1ST |
Lexington Legends batting - Pitching for Cedar Rapids Kernels : RHP Jason Stout
|
Pitching: RHP Jason Stout
|
|
Batting: LHB Edgar Ortiz
|
0-0: Swinging Strike 0-1: Ball 1-1: Called Strike 1-2: Strikes out swinging
|
Batting: RHB Nate De Jongh
|
0-0: Called Strike 0-1: Ball 1-1: Called Strike 1-2: Strikes out swinging
|
Batting: RHB Nick Julien
|
0-0: Ball 1-0: DOUBLE (Flyball, 8LXD, EV 104.4 MPH)
|
Batting: LHB Pablo Serrato
|
0-0: Called Strike 0-1: Called Strike 0-2: DOUBLE (Flyball, 9LD, EV 88.8 MPH) Nick Julien scores
|
Batting: SHB Bill Ertl
|
0-0: SINGLE (Flyball, 6D, EV 95.6 MPH) Pablo Serrato to third Runner from 3rd tries for Home, SAFE, throw by LF to home
|
Batting: RHB Phil Hamby
|
0-0: Ball 1-0: Swinging Strike 1-1: Foul Ball, location: 2F 1-2: Fielders Choice at 2nd, 6-4 (Groundball, 56, EV 82.5 MPH)
|
Top of the 1st over - 2 runs, 3 hits, 0 errors, 1 left on base; Lexington 2 - Cedar Rapids 0 |
BOTTOM OF THE 1ST |
Cedar Rapids Kernels batting - Pitching for Lexington Legends : LHP Tyler Abraham
|
Pitching: LHP Tyler Abraham
|
|
Batting: RHB David McDonald
|
0-0: Foul Ball, location: 2F 0-1: Fly out, F9 (Flyball, 89D, EV 83.8 MPH)
|
Batting: LHB Brian Wagner
|
0-0: Ball 1-0: Ball 2-0: Swinging Strike 2-1: Foul Ball, location: 2F 2-2: Ball 3-2: Strikes out swinging
|
Batting: RHB Kevin Harris
|
0-0: Ball 1-0: Ball 2-0: Ball 3-0: Base on Balls
|
Batting: LHB Shaun Price
|
0-0: Foul Ball, location: 2F 0-1: Swinging Strike 0-2: Ball 1-2: Foul Ball, location: 2F 1-2: 2-RUN HOME RUN (Flyball, 9D, EV 96.9 MPH), Distance : 390 ft
|
Batting: LHB Kuemon Shishido
|
0-0: Called Strike 0-1: Ball 1-1: Ball 2-1: Foul Ball, location: 2F 2-2: Ball 3-2: Fly out, F1 (Line Drive, P, EV 73.8 MPH)
|
Bottom of the 1st over - 2 runs, 1 hit, 0 errors, 0 left on base; Lexington 2 - Cedar Rapids 2 |
TOP OF THE 2ND |
Lexington Legends batting - Pitching for Cedar Rapids Kernels : RHP Jason Stout
|
Batting: RHB Pat McCoy
|
0-0: Ball 1-0: Ball 2-0: Ground out 4-3 (Groundball, 4M, EV 83.8 MPH)
|
Batting: LHB Danny Pacheco
|
0-0: Called Strike 0-1: Ball 1-1: DOUBLE (Line Drive, 7LM, EV 96.2 MPH)
|
Batting: RHB Vic Nelson
|
0-0: Ball 1-0: Called Strike 1-1: Ground out 4-3 (Groundball, 4, EV 108.8 MPH) Danny Pacheco to third
|
Batting: LHB Edgar Ortiz
|
0-0: Ball 1-0: Foul Ball, location: 2F 1-1: Ball 2-1: Fly out, F8 (Flyball, 8LD, EV 88.1 MPH)
|
Top of the 2nd over - 0 runs, 1 hit, 0 errors, 1 left on base; Lexington 2 - Cedar Rapids 2 |
BOTTOM OF THE 2ND |
Cedar Rapids Kernels batting - Pitching for Lexington Legends : LHP Tyler Abraham
|
Pitching: RHP Ian Current
|
|
Batting: RHB Steve Raine
|
0-0: Called Strike 0-1: Swinging Strike 0-2: Ball 1-2: Reached on error, E5 (Groundball, 56S, EV 65.6 MPH)
|
Batting: RHB Nate Matson
|
0-0: Ball 1-0: Foul Ball, location: 2F 1-1: Foul Ball, location: 2F 1-2: Foul Ball, location: 2F 1-2: Ball 2-2: SINGLE (Groundball, 6MD, EV 109.4 MPH) Steve Raine to second Runner from 2nd tries for 3rd, SAFE, throw by CF made to third
|
Batting: RHB Dave Berry
|
0-0: Swinging Strike 0-1: Fielders Choice at 2nd, 6-4 (Groundball, 6, EV 84.4 MPH) Steve Raine scores
|
Batting: RHB Antonio Santos
|
0-0: Ball 1-0: Ball 2-0: Ball 3-0: Called Strike 3-1: Base on Balls Dave Berry to second
|
Batting: RHB David McDonald
|
0-0: Called Strike 0-1: Ball 1-1: Fly out, F8 (Flyball, 8RD, EV 99.4 MPH)
|
Batting: LHB Brian Wagner
|
0-0: Called Strike 0-1: Ball 1-1: Swinging Strike 1-2: Ball 2-2: Strikes out swinging
|
Bottom of the 2nd over - 1 run, 1 hit, 1 error, 2 left on base; Lexington 2 - Cedar Rapids 3 |
TOP OF THE 3RD |
Lexington Legends batting - Pitching for Cedar Rapids Kernels : RHP Jason Stout
|
Batting: RHB Nate De Jongh
|
0-0: Ball 1-0: Ball 2-0: Called Strike 2-1: Ball 3-1: Base on Balls
|
Batting: RHB Nick Julien
|
0-0: Called Strike 0-1: Ball 1-1: Foul Ball, location: 2F 1-2: Strikes out swinging
|
Batting: LHB Pablo Serrato
|
0-0: Ball 1-0: Ball 2-0: Fielders Choice at 2nd, 5-4 (Groundball, 5, EV 81.9 MPH)
|
Batting: SHB Bill Ertl
|
0-0: Ball 1-0: Ball 2-0: Ball 3-0: Called Strike 3-1: Fly out, F4 (Line Drive, 4, EV 68.1 MPH)
|
Top of the 3rd over - 0 runs, 0 hits, 0 errors, 1 left on base; Lexington 2 - Cedar Rapids 3 |
BOTTOM OF THE 3RD |
Cedar Rapids Kernels batting - Pitching for Lexington Legends : RHP Ian Current
|
Batting: RHB Kevin Harris
|
0-0: Foul Ball, location: 2F 0-1: Ball 1-1: Ball 2-1: Ground out 5-3 (Groundball, 5, EV 91.9 MPH)
|
Batting: LHB Shaun Price
|
0-0: Ball 1-0: Ball 2-0: Called Strike 2-1: Fly out, F5 (Line Drive, 5L, EV 66.2 MPH)
|
Batting: LHB Kuemon Shishido
|
0-0: Called Strike 0-1: Swinging Strike 0-2: Ball 1-2: Strikes out swinging
|
Bottom of the 3rd over - 0 runs, 0 hits, 0 errors, 0 left on base; Lexington 2 - Cedar Rapids 3 |
TOP OF THE 4TH |
Lexington Legends batting - Pitching for Cedar Rapids Kernels : RHP Jason Stout
|
Batting: RHB Phil Hamby
|
0-0: SINGLE (Groundball, 4MD, EV 85.6 MPH) (infield hit)
|
Batting: RHB Pat McCoy
|
0-0: Fly out, F4 (Popup, 4D, EV 51.2 MPH)
|
Batting: LHB Danny Pacheco
|
0-0: SINGLE (Groundball, 34D, EV 104.4 MPH) Phil Hamby to second Runner from 2nd tries for 3rd, OUT! 9-5
|
Batting: RHB Vic Nelson
|
0-0: Ball 1-0: Called Strike 1-1: Swinging Strike 1-2: Ball 2-2: Ground out 1-3 (Groundball, 15S, EV 67.5 MPH)
|
Top of the 4th over - 0 runs, 2 hits, 0 errors, 1 left on base; Lexington 2 - Cedar Rapids 3 |
BOTTOM OF THE 4TH |
Cedar Rapids Kernels batting - Pitching for Lexington Legends : RHP Ian Current
|
Batting: RHB Steve Raine
|
0-0: Ball 1-0: Swinging Strike 1-1: Ball 2-1: Ball 3-1: Base on Balls
|
Pitching: RHP Gary Ackerman
|
|
Batting: RHB Nate Matson
|
0-0: Swinging Strike 0-1: Ball 1-1: Grounds into double play, 6-4-3 (Groundball, 6, EV 84.4 MPH)
|
Batting: RHB Dave Berry
|
0-0: Called Strike 0-1: Foul Ball, location: 2F 0-2: Strikes out swinging
|
Bottom of the 4th over - 0 runs, 0 hits, 0 errors, 0 left on base; Lexington 2 - Cedar Rapids 3 |
TOP OF THE 5TH |
Lexington Legends batting - Pitching for Cedar Rapids Kernels : RHP Jason Stout
|
Batting: LHB Edgar Ortiz
|
0-0: Called Strike 0-1: Called Strike 0-2: Ball 1-2: Strikes out swinging
|
Batting: RHB Nate De Jongh
|
0-0: Ball 1-0: Ground out 5-3 (Groundball, 56S, EV 70.6 MPH)
|
Batting: RHB Nick Julien
|
0-0: Ball 1-0: Fly out, F6 (Popup, 15S, EV 83.8 MPH)
|
Top of the 5th over - 0 runs, 0 hits, 0 errors, 0 left on base; Lexington 2 - Cedar Rapids 3 |
BOTTOM OF THE 5TH |
Cedar Rapids Kernels batting - Pitching for Lexington Legends : RHP Gary Ackerman
|
Batting: RHB Antonio Santos
|
0-0: Ball 1-0: Called Strike 1-1: Called Strike 1-2: Strikes out swinging
|
Batting: RHB David McDonald
|
0-0: Ball 1-0: Foul Ball, location: 2F 1-1: Foul Ball, location: 2F 1-2: Ball 2-2: Ground out 1-3 (Groundball, 13S, EV 70.6 MPH)
|
Batting: LHB Brian Wagner
|
0-0: Ball 1-0: Called Strike 1-1: Called Strike 1-2: Ball 2-2: Fly out, F4 (Popup, 3S, EV 81.2 MPH)
|
Bottom of the 5th over - 0 runs, 0 hits, 0 errors, 0 left on base; Lexington 2 - Cedar Rapids 3 |
TOP OF THE 6TH |
Lexington Legends batting - Pitching for Cedar Rapids Kernels : RHP Jason Stout
|
Batting: LHB Pablo Serrato
|
0-0: Foul Ball, location: 2F 0-1: Ball 1-1: Ball 2-1: Ball 3-1: Ground out 5-3 (Groundball, 56, EV 81.9 MPH)
|
Batting: SHB Bill Ertl
|
0-0: Called Strike 0-1: Ground out 4-3 (Groundball, 4, EV 81.2 MPH)
|
Batting: RHB Phil Hamby
|
0-0: Ground out 5-3 (Groundball, 56S, EV 85.6 MPH)
|
Top of the 6th over - 0 runs, 0 hits, 0 errors, 0 left on base; Lexington 2 - Cedar Rapids 3 |
BOTTOM OF THE 6TH |
Cedar Rapids Kernels batting - Pitching for Lexington Legends : RHP Gary Ackerman
|
Batting: RHB Kevin Harris
|
0-0: Ball 1-0: Foul Ball, location: 2F 1-1: Swinging Strike 1-2: Strikes out looking
|
Batting: LHB Shaun Price
|
0-0: Called Strike 0-1: Foul Ball, location: 2F 0-2: Ball 1-2: SINGLE (Groundball, 3S, EV 66.2 MPH) (infield hit)
|
Batting: LHB Kuemon Shishido
|
0-0: Ball 1-0: Foul Ball, location: 2F 1-1: Fly out, F7 (Flyball, 7S, EV 84.4 MPH)
|
Batting: RHB Steve Raine
|
0-0: Foul Ball, location: 2F 0-1: Swinging Strike 0-2: Ball 1-2: Strikes out swinging
|
Bottom of the 6th over - 0 runs, 1 hit, 0 errors, 1 left on base; Lexington 2 - Cedar Rapids 3 |
TOP OF THE 7TH |
Lexington Legends batting - Pitching for Cedar Rapids Kernels : RHP Jason Stout
|
Batting: RHB Pat McCoy
|
0-0: Foul Ball, location: 2F 0-1: Foul Ball, location: 2F 0-2: Foul Ball, location: 2F 0-2: Foul Ball, location: 2F 0-2: Foul Ball, location: 2F 0-2: Ball 1-2: Ground out U3 (Groundball, 34S, EV 81.9 MPH)
|
Batting: LHB Danny Pacheco
|
0-0: Swinging Strike 0-1: Foul Ball, location: 2F 0-2: Foul Ball, location: 2F 0-2: Ball 1-2: Ball 2-2: Ball 3-2: Fly out, F9 (Flyball, 89S, EV 83.1 MPH)
|
Batting: RHB Vic Nelson
|
0-0: Swinging Strike 0-1: Swinging Strike 0-2: Ball 1-2: Strikes out swinging
|
Top of the 7th over - 0 runs, 0 hits, 0 errors, 0 left on base; Lexington 2 - Cedar Rapids 3 |
BOTTOM OF THE 7TH |
Cedar Rapids Kernels batting - Pitching for Lexington Legends : RHP Gary Ackerman
|
Pitching: RHP Kolenka Leschenya
|
|
Batting: RHB Nate Matson
|
0-0: Called Strike 0-1: Ball 1-1: Ball 2-1: Ball 3-1: Base on Balls
|
Batting: RHB Dave Berry
|
0-0: DOUBLE (Line Drive, 78D, EV 110.6 MPH) Nate Matson to third
|
Batting: RHB Antonio Santos
|
0-0: Called Strike 0-1: SINGLE (Groundball, 56, EV 98.1 MPH) Nate Matson scores Dave Berry to third
|
Batting: RHB David McDonald
|
0-0: Ball 1-0: Foul Ball, location: 2F 1-1: Ball 2-1: Foul Ball, location: 2F 2-2: Ball 3-2: Strikes out swinging
|
Batting: LHB Brian Wagner
|
0-0: Ball Wild Pitch! Dave Berry scores Antonio Santos to second 1-0: Ball 2-0: Called Strike 2-1: Ball 3-1: Foul Ball, location: 2F 3-2: Base on Balls
|
Batting: RHB Kevin Harris
|
0-0: Called Strike 0-1: Fielders Choice at 2nd, 3-6 (Groundball, 34, EV 82.5 MPH) Antonio Santos to third
|
Batting: LHB Shaun Price
|
0-0: Ball Kevin Harris steals 2nd base 1-0: Ground out 4-3 (Groundball, 4, EV 105.0 MPH)
|
Bottom of the 7th over - 2 runs, 2 hits, 0 errors, 2 left on base; Lexington 2 - Cedar Rapids 5 |
TOP OF THE 8TH |
Lexington Legends batting - Pitching for Cedar Rapids Kernels : RHP Jason Stout
|
Pitching: RHP Bruce Wight
|
|
Batting: LHB Edgar Ortiz
|
0-0: Swinging Strike 0-1: Ball 1-1: Fly out, F8 (Flyball, 8RM, EV 82.5 MPH)
|
Batting: RHB Nate De Jongh
|
0-0: Ball 1-0: Ball 2-0: SINGLE (Groundball, 34D, EV 95.0 MPH)
|
Batting: RHB Nick Julien
|
0-0: Foul Ball, location: 2F 0-1: Foul Ball, location: 2F 0-2: Fly out, F6 (Line Drive, 6, EV 70.0 MPH)
|
Batting: LHB Pablo Serrato
|
0-0: Foul Ball, location: 2F 0-1: SINGLE (Groundball, 56D, EV 106.2 MPH) Nate De Jongh to second Runner from 2nd tries for 3rd, SAFE, no throw by LF
|
Batting: SHB Bill Ertl
|
0-0: Foul Ball, location: 2F 0-1: Called Strike 0-2: Ball 1-2: Foul Ball, location: 2F 1-2: Ground out 2-3 (Groundball, 13S, EV 72.5 MPH)
|
Top of the 8th over - 0 runs, 2 hits, 0 errors, 2 left on base; Lexington 2 - Cedar Rapids 5 |
BOTTOM OF THE 8TH |
Cedar Rapids Kernels batting - Pitching for Lexington Legends : RHP Kolenka Leschenya
|
Pitching: RHP Greg Sell
|
|
Batting: LHB Kuemon Shishido
|
0-0: Ball 1-0: Ball 2-0: Ball 3-0: Called Strike 3-1: Ground out U3 (Groundball, 3L, EV 99.4 MPH)
|
Batting: RHB Steve Raine
|
0-0: Ball 1-0: Ball 2-0: Ground out 5-3 (Groundball, 56S, EV 94.4 MPH)
|
Batting: RHB Nate Matson
|
0-0: Called Strike 0-1: Foul Ball, location: 2F 0-2: Ball 1-2: Fly out, F8 (Flyball, 8LD, EV 104.4 MPH)
|
Bottom of the 8th over - 0 runs, 0 hits, 0 errors, 0 left on base; Lexington 2 - Cedar Rapids 5 |
TOP OF THE 9TH |
Lexington Legends batting - Pitching for Cedar Rapids Kernels : RHP Bruce Wight
|
Pitching: RHP Steven Legge
|
|
Batting: RHB Phil Hamby
|
0-0: SINGLE (Groundball, 56S, EV 73.8 MPH) (infield hit)
|
Batting: RHB Pat McCoy
|
0-0: Ball 1-0: Called Strike 1-1: Ball 2-1: Swinging Strike 2-2: Foul Ball, location: 2F 2-2: Ball 3-2: Base on Balls Phil Hamby to second
|
Batting: LHB Danny Pacheco
|
0-0: Foul Ball, location: 2F 0-1: Swinging Strike 0-2: Ball 1-2: Ball 2-2: Foul Ball, location: 2F 2-2: Strikes out swinging
|
Pinch Hitting: LHB Mike Bhatti
|
0-0: Ball 1-0: Ball 2-0: Foul Ball, location: 2F 2-1: Foul Ball, location: 2F 2-2: Strikes out looking
|
Batting: LHB Edgar Ortiz
|
0-0: Foul Ball, location: 2F 0-1: Ball 1-1: Fielders Choice at 2nd, 6-4 (Groundball, 56, EV 98.8 MPH)
|
Top of the 9th over - 0 runs, 1 hit, 0 errors, 2 left on base; Lexington 2 - Cedar Rapids 5 |
|